 Dungeon Crawl Stone Soup version 0.30-a0-782-ge64f9170bb (webtiles) character file.

Game seed: 6440625227602598717

85 tilp the Slasher (level 5, -3/46 HPs)
             Began as a Meteoran Fighter on Mar 15, 2023.
             Killed from afar by an orc wizard (7 damage)
             ... with a puff of flame
             ... on level 2 of the Dungeon.
             The game lasted 00:01:58 (395 turns).

tilp the Slasher (Meteoran Fighter)                  Turns: 395, Time: 00:01:58

Health: -3/46      AC: 10    Str: 17    XL:     5   Next: 5%
Magic:  6/6        EV:  7    Int:  9    God:
Gold:   59         SH:  5    Dex: 16    Spells: 4/4 levels left

rFire   . . .      SeeInvis .    a - +0 long sword
rCold   . . .      Faith    .    c - +0 buckler
rNeg    . . .      Spirit   .    i - +0 chain mail
rPois   .          Reflect  .    (no helmet)
rElec   .          Harm     .    (no cloak)
rCorr   +          Rampage  .    l - +0 pair of gloves
Will    .....                    (no boots) Stlth
                                 (no amulet)
HPRegen 0.27/turn                e - ring of resist corrosion
MPRegen 0.10/turn                (no ring)

@: glowing
A: sense surroundings 1, otherworldly, glowing, explore regen
a: no special abilities


You were on level 2 of the Dungeon.
You visited 1 branch of the dungeon, and saw 3 of its levels.

You collected 59 gold pieces.

Inventory:

Hand Weapons
 a - a +0 long sword (weapon)
Missiles
 d - 28 stones (quivered)
Armour
 c - a +0 buckler (worn)
 i - a +0 chain mail (worn)
 l - a +0 pair of gloves (worn)
Jewellery
 e - a ring of resist corrosion (left hand)
Scrolls
 b - a scroll of teleportation {unknown}
 g - 2 scrolls of identify {unknown}
 h - a scroll of blinking {unknown}
 j - a scroll of brand weapon {unknown}
Potions
 f - a potion of haste {unknown}
 k - a potion of degeneration {unknown}


   Skills:
 - Level 4.0 Fighting
 * Level 4.4 Long Blades
 - Level 3.6 Armour
 - Level 2.0 Dodging
 - Level 3.6 Shields


You had 4 spell levels left.
You didn't know any spells.
Your spell library was empty.

Dungeon Overview and Level Annotations

Branches:
Dungeon (3/15) Zot: 1376

Altars:


Innate Abilities, Weirdness & Mutations

You passively map a small area around you.
You are easily found by Zot.
You glow in the dark.
You regain HP and MP as you explore.


Message History

There is a stone staircase leading up here.
The orc wizard gestures wildly while chanting.
The orc wizard flickers and vanishes!
Deactivating autopickup; reactivate with Ctrl-A.
You climb upwards.
Reactivating autopickup.
There is a stone staircase leading down here.
You climb downwards.
The orc priest invokes the aid of Beogh against you.
Beogh smites you!
* * * LOW HITPOINT WARNING * * *
There is a stone staircase leading up here.
Something hits you.
* * * LOW HITPOINT WARNING * * *
Deactivating autopickup; reactivate with Ctrl-A.
The orc hits you with a +0 flail.
* * * LOW HITPOINT WARNING * * *
You climb upwards.
Reactivating autopickup.
There is a stone staircase leading down here.
Unknown command.
You slash the orc!
You kill the orc!
You block something's attack.
Deactivating autopickup; reactivate with Ctrl-A.
Something hits you.
* * * LOW HITPOINT WARNING * * *
There is a stone staircase leading down here.
Things that are here:
a +0 flail; an orc corpse You hear some strange, mumbled words.
A magic dart appears from out of thin air!
The magic dart hits you!
* * * LOW HITPOINT WARNING * * *
You miss something. Something hits you.
* * * LOW HITPOINT WARNING * * *
You hear some strange, mumbled words.
A puff of flame appears from out of thin air!
The puff of flame hits you!
You die...

#.##.......# .#
#.##.......# * ,
# #.########## *
, #.# ,
#.######### *
#.##......#
#.##.# #.# *
#.##.####[#######
#.....†.#@...<...
####.##..>{######
#.####>##
#......# ########


There were no monsters in sight!

Vanquished Creatures
  Terence (D:2)
  3 adders (D:2)
  3 orcs (D:2)
  3 ball pythons
  An endoplasm (D:2)
  A goblin (D:1)
  7 jackals (D:2)
  3 kobolds (D:2)
  A quokka (D:2)
  2 bats (D:2)
  3 frilled lizards
  A rat (D:2)
29 creatures vanquished.

Notes
Turn   | Place    | Note
-------+----------+-------------------------------------------
     0 | D:1      | tilp the Meteoran Fighter began the quest for the Orb.
     0 | D:1      | Reached XP level 1. HP: 19/19 MP: 2/2
    65 | D:2      | Noticed Terence
    67 | D:2      | Reached XP level 2. HP: 26/26 MP: 3/3
    86 | D:2      | Killed Terence
    87 | D:2      | Reached skill level 1 in Dodging
    87 | D:2      | Reached XP level 3. HP: 7/33 MP: 4/4
   223 | D:2      | Reached XP level 4. HP: 40/40 MP: 5/5
   367 | D:2      | Reached XP level 5. HP: 33/46 MP: 6/6
   395 | D:2      | Killed from afar by an orc wizard

Illustrated notes

Levels and vault maps discovered:
D:1:      heliophobic_arrival_enchanted_forest, layout_basic,
          minmay_misc_feat_tower, ebering_dispersal_statue_hall,
          minmay_tetromino_t2
D:2:      layout_loops_cross, shapermc_ecumenical_altar_notcrosses, basic_altar,
          uniq_terence, uniq_jessica
D:3:      layout_rooms, zin_purify

Skill      XL: |  1  2  3  4 |
---------------+-------------+-----
Long Blades    | 3 4 |  4.4
Dodging        | 1 2 |  2.0
Fighting       | 4 |  4.0
Armour         | |  3.6
Shields        | |  3.6

Action                     |  1- 3 |  4- 6 || total
---------------------------+-------+-------++-------
  Melee: Long sword        |    46 |    50 ||    96
    Use: Potion            |     1 |       ||     1
 Armour: Scale mail        |     9 |       ||     9
         Chain mail        |    18 |    45 ||    63
  Dodge: Dodged            |    17 |    23 ||    40
  Block: Buckler           |    18 |     8 ||    26

Table legend: (Time is in decaauts)
 A = Elapsed time spent in this place.
 B = Non-inter-level travel time spent in this place.
 C = Inter-level travel time spent in this place.
 D = Time resting spent in this place.
 E = Time spent auto-exploring this place.
 F = Levels seen in this place.
 G = Mean time per level.
                   A        B        C        D        E       F      G
               +--------+--------+--------+--------+--------+-----+--------+
         Total |    422 |    420 |      2 |      0 |      0 |   3 |  140.7 |
       Dungeon |    422 |    420 |      2 |      0 |      0 |   3 |  140.7 |
               +--------+--------+--------+--------+--------+-----+--------+

Top non-repeatable levels by time:
     D:2: 319 daAuts
     D:1: 64 daAuts
     D:3: 38 daAuts
